 Dungeon Crawl Stone Soup version 0.30.1-11-g7821555f0a (webtiles) character file.

Game seed: 1351417106904759640

4074 AppTheSpectato the Skirmisher (level 10, -2/88 HPs)
             Began as a Minotaur Hunter on Nov 2, 2023.
             Was a Priest of Zin.
             Killed from afar by Erica (17 damage)
             ... with a lance of force
             ... on level 8 of the Dungeon.
             The game lasted 00:33:33 (10774 turns).

AppTheSpectato the Skirmisher (Minotaur Hunter)    Turns: 10774, Time: 00:33:35

Health: -2/88      AC:  9    Str: 20    XL:     10   Next: 5%
Magic:  9/9        EV: 16    Int:  6    God:    Zin [***...]
Gold:   133        SH:  0    Dex: 17    Spells: 9/9 levels left

rFire   + + +        a - +2 shortbow (freeze)
rCold   . . .        (shield currently unavailable)
rNeg    . . .        c - +0 leather armour
rPois   .            (helmet restricted)
rElec   +            (no cloak)
rCorr   .            G - +0 pair of gloves
SInv    .            g - +0 pair of boots
Will    .....        (no amulet)
Stlth   ++           B - ring "Haebbiuq" {Wiz Drain rElec rF+++ Str+3}
HPRegen 0.34/turn    A - +4 ring of protection
MPRegen 0.11/turn

%: wizardry (x1)
@: lethally poisoned (-2 -> -16)
A: horns 2, retaliatory headbutt
a: Renounce Religion, Recite, Vitalisation, Imprison, Donate Gold


You were on level 8 of the Dungeon.
You worshipped Zin.
Zin was most pleased with you.
You visited 2 branches of the dungeon, and saw 9 of its levels.
You also visited: Sewer.

You collected 438 gold pieces.
You donated 305 gold pieces to Zin.

Inventory:

Hand Weapons
 a - a +2 shortbow of freezing (weapon)
 n - a +4 short sword of speed
Missiles
 w - 5 throwing nets
 C - 18 boomerangs of dispersal
 D - a curare-tipped dart
Armour
 c - a +0 leather armour (worn)
 g - a +0 pair of boots (worn)
 G - a +0 pair of gloves (worn)
Jewellery
 f - a ring of ice
 u - a ring of resist corrosion
 v - a ring of magical power
 A - a +4 ring of protection (right hand)
 B - the ring "Haebbiuq" (left hand) {Wiz Drain rElec rF+++ Str+3}
   (You found it on level 6 of the Dungeon)

   [ring of wizardry]

   It improves your spell success rate.
   Str:       It affects your strength (+3).
   rF:        It renders you almost immune to fire.
   rElec:     It insulates you from electricity.
   Drain:     It drains your maximum health when unequipped.
Wands
 s - a wand of iceblast (5)
Scrolls
 b - 4 scrolls of immolation
 d - 2 scrolls of silence {unknown}
 h - 4 scrolls of identify
 j - 3 scrolls of enchant weapon
 l - 4 scrolls of teleportation
 p - a scroll of fog
 r - 2 scrolls of vulnerability
 t - 2 scrolls of brand weapon
 y - 2 scrolls of blinking
 F - a scroll of magic mapping {unknown}
Potions
 e - 4 potions of curing
 i - 2 potions of heal wounds
 k - a potion of magic
 m - 2 potions of cancellation
 o - a potion of attraction {unknown}
 q - 5 potions of lignification
 x - a potion of brilliance
 z - 3 potions of invisibility
 E - a potion of might


   Skills:
 - Level 8.0 Fighting
 + Level 12.8 Ranged Weapons
 - Level 8.0 Dodging
 - Level 0.8 Stealth


You had 9 spell levels left.
You didn't know any spells.
Your spell library contained the following spells:

 Spells                   Type           Power      Damage    Failure   Level
 Beastly Appendage        Tmut           0%         N/A       24%         1
 Summon Small Mammal      Summ           0%         N/A       24%         1
 Ensorcelled Hibernation  Hex/Ice        0%         N/A       32%         2
 Passwall                 Tmut/Erth      0%         N/A       32%         2
 Wereblood                Tmut           0%         N/A       32%         2
 Call Canine Familiar     Summ           0%         N/A       54%         3
 Spider Form              Tmut/Pois      0%         N/A       54%         3
 Summon Guardian Golem    Hex/Summ       0%         N/A       54%         3
 Swiftness                Air            0%         N/A       54%         3


Dungeon Overview and Level Annotations

Branches:
Dungeon (8/15)             Temple (1/1) D:4            Lair (0/5) D:8
  Sewer (visited)

Altars:
Ashenzari
Cheibriados
Dithmenos
Elyvilon
Fedhas
Gozag
Hepliaklqana
Kikubaaqudgha
Makhleb
Nemelex Xobeh
Okawaru
Ru
Sif Muna
Trog
Uskayaw
Xom
Yredelemnul
Zin
The Shining One

Shops:
D:5 (   D:7 !(?

Annotations:
D:6 3 runed translucent doors, laqueoix's ghost, novice MfGl; rundlesten's ghost, novice OpHW
D:8 Erica


Innate Abilities, Weirdness & Mutations

You have a pair of horns on your head.
You reflexively headbutt those who attack you in melee.


Message History

You hear some strange, mumbled words.
A lance of force appears from out of thin air!
The lance of force misses you. Something hits you!
You shoot an arrow. Something hits you.
You shoot an arrow.
You feel yourself speed up. Something closely misses you.
You shoot an arrow. Something closely misses you.
You shoot an arrow. Something hits you!
You shoot an arrow. Something hits you.
You shoot an arrow.
You hear some strange, mumbled words.
Something tries to affect you, but you resist.
You shoot an arrow. Something hits you.
You shoot an arrow.
You hear some strange, mumbled words.
You are confused.
You clumsily bash something but do no damage.
Your headbutt misses something. Something hits you! Something burns you.
Found a broken altar of Ashenzari.
You completely miss something. Something hits you. x2
You feel less confused. Something hits you!
* * * LOW HITPOINT WARNING * * *
You shoot an arrow.
You feel much better. Something hits you.
You shoot an arrow.
Erica appears from thin air!
Reactivating autopickup.
Erica casts a spell at you. The bolt of poison hits you!!
You are poisoned.
* * * LOW HITPOINT WARNING * * *
You shoot an arrow. The arrow hits Erica.
The arrow freezes Erica.
Erica is moderately wounded.
* * * LOW HITPOINT WARNING * * *
You feel very sick. Erica casts a spell at you. The lance of force hits you!
You die...

..... #........#_+ # >....
+........#### ## ...#
#...........# ######. ...#
#...........# #....'. ...#
#...........# #.####. ....#
#...........# #.# #.
...#.######.....[....# #.# #.
..........#.....@....# #.# #.
................@....# # #.# ##.
#######.##...........# #.##.# #..
########.##..........###....###.#
................................#
###############...############...
#...# .......#.. #...#
#########.#.. #...# #..<....#.#..
#...####.....####..


You could see Erica.

Vanquished Creatures
  An elephant (D:8)
  2 wyverns
  A water moccasin (D:4)
  2 black bears
  3 sky beasts
  An ice beast (D:8)
  2 ogres
  4 centaurs
  A phantom (D:4)
  5 kobold brigands
  2 gnoll sergeants (D:8)
  2 bullfrogs
  A scorpion (D:6)
  2 wyvern zombies (D:5)
  3 killer bees (D:6)
  3 howler monkeys (D:8)
  An electric eel (D:6)
  A bullfrog zombie (D:5)
  A centaur zombie (D:5)
  2 jellies
  A gnoll bouda (D:5)
  5 hounds
  3 orc priests
  Terence (D:2)
  3 sleepcaps
  2 iguanas
  A scorpion zombie (D:5)
  2 orc wizards
  27 gnolls
  10 adders
  5 river rats
  2 shadow imps
  4 worms
  2 dart slugs (D:4)
  11 orcs
  3 bats
  6 endoplasms
  3 giant cockroaches
  33 goblins
  27 hobgoblins
  A jackal (Sewer)
  13 kobolds
  4 quokkas
  6 ball pythons
  5 frilled lizards
  4 rats
224 creatures vanquished.

Notes
Turn   | Place    | Note
-------+----------+-------------------------------------------
     0 | D:1      | AppTheSpectato the Minotaur Hunter began the quest for the
                  | Orb.
     0 | D:1      | Reached XP level 1. HP: 18/18 MP: 0/0
   261 | D:1      | Reached XP level 2. HP: 25/25 MP: 1/1
   654 | D:2      | Noticed Terence
   659 | D:2      | Killed Terence
   660 | D:2      | Reached XP level 3. HP: 31/31 MP: 2/2
   842 | D:2      | Reached skill level 5 in Ranged Weapons
   865 | D:2      | Reached XP level 4. HP: 38/38 MP: 3/3
  2095 | D:3      | Found a sacrificial altar of Ru.
  2372 | D:4      | Noticed a phantom
  2415 | D:4      | Noticed a water moccasin
  2823 | D:4      | Killed a water moccasin
  2824 | D:4      | Reached XP level 5. HP: 43/47 MP: 4/4
  3135 | D:4      | Found a staircase to the Ecumenical Temple.
  3144 | Temple   | Entered the Ecumenical Temple
  3480 | Temple   | Became a worshipper of Zin the Law-Giver
  3480 | Temple   | Reached * piety under Zin
  3609 | D:4      | Killed a phantom
  3610 | D:4      | Reached skill level 5 in Fighting
  3610 | D:4      | Reached skill level 6 in Ranged Weapons
  3610 | D:4      | Reached XP level 6. HP: 53/56 MP: 5/5
  3701 | D:4      | Donated 82 gold pieces to Zin
  4484 | D:5      | Entered Level 5 of the Dungeon
  5186 | D:4      | Donated 47 gold pieces to Zin
  5360 | D:4      | Reached skill level 5 in Dodging
  5411 | D:5      | Reached XP level 7. HP: 18/62 MP: 6/6
  5861 | D:5      | Reached skill level 7 in Ranged Weapons
  5890 | D:5      | Found a basalt altar of Yredelemnul.
  6158 | D:5      | Found Vuceff's Antique Weapon Boutique.
  6357 | D:5      | Donated 27 gold pieces to Zin
  6444 | D:6      | Found a runed translucent gate.
  6444 | D:6      | Found a runed translucent gate.
  6444 | D:6      | Found a runed translucent gate.
  6445 | D:6      | Noticed rundlesten's ghost (novice OpHW)
  6445 | D:6      | Noticed laqueoix's ghost (novice MfGl)
  6459 | D:6      | Reached XP level 8. HP: 58/71 MP: 7/7
  6623 | D:6      | Identified the ring "Haebbiuq" {Wiz Drain rElec rF+++
                  | Str+3}
  6723 | D:6      | Reached ** piety under Zin
  6875 | D:6      | Found a blossoming altar of Fedhas.
  6905 | D:6      | Reached skill level 8 in Ranged Weapons
  6915 | D:6      | Found a glowing drain.
  6930 | Sewer    | Entered a sewer
  8383 | D:6      | Reached *** piety under Zin
  8403 | D:6      | Reached XP level 9. HP: 64/81 MP: 8/8
  8833 | D:7      | Reached skill level 9 in Ranged Weapons
  9052 | D:7      | Donated 106 gold pieces to Zin
  9074 | D:7      | Found Liat Kucw's Distillery.
  9076 | D:7      | Found Oxosomo's Weapon Boutique.
  9078 | D:7      | Found Qunomaj's Magic Scroll Shoppe.
  9650 | D:7      | Found an iron altar of Okawaru.
  9732 | D:7      | Reached skill level 10 in Ranged Weapons
  9934 | D:8      | Noticed an elephant
  9934 | D:8      | Found a staircase to the Lair.
 10089 | D:8      | Reached skill level 11 in Ranged Weapons
 10170 | D:8      | Killed an elephant
 10283 | D:8      | Reached skill level 12 in Ranged Weapons
 10490 | D:8      | Found a glowing golden altar of the Shining One.
 10523 | D:8      | Reached XP level 10. HP: 88/88 MP: 9/9
 10735 | D:8      | Noticed Erica
 10768 | D:8      | Found a broken altar of Ashenzari.
 10774 | D:8      | Killed from afar by Erica

Illustrated notes

Levels and vault maps discovered:
D:1:      dpeg_arrival_tiny_i, layout_rooms
D:2:      layout_basic, kennysheep_generic_room_4, uniq_terence
D:3:      layout_basic, mainiacjoe_overflow_alcove_4, chequers_avenue
D:4:      layout_layer_cave, lemuel_temple_firewalk_a
D:5:      layout_basic, nicolae_yredelemnul_corpse_copse, serial_shops,
          nicolae_diamond_shop
D:6:      minmay_goblin_kobold_castle, layout_cave_pools,
          mainiacjoe_overflow_alcove_2, gammafunk_ghost_cemetery,
          portal_sewer_entry_a
D:7:      layout_basic, general_overflow_altar, nicolae_wooded_promenade,
          minmay_unpleasant_kobolds
D:8:      layout_basic, nicolae_tso_carved_into_rock,
          ashenzari_conservatory_becter, david_lair_generic, uniq_erica
Temple:   hellmonk_temple_forest_ring

Skill      XL: |  1  2  3  4  5  6  7  8  9 |
---------------+----------------------------+-----
Fighting       | 3 4 5 6 8 |  8.0
Dodging        | 3 4 5 6 7 8 |  8.0
Ranged Weapons | 5 6 7 8 12 | 12.8
Stealth        | |  0.8

Action                     |  1- 3 |  4- 6 |  7- 9 | 10-12 || total
---------------------------+-------+-------+-------+-------++-------
  Melee: Shortbow          |       |       |       |     2 ||     2
   Fire: Shortbow          |    56 |   163 |   527 |    27 ||   773
 Invoke: Recite            |       |     2 |     6 |       ||     8
         Donate Gold       |       |     2 |     2 |       ||     4
    Use: Scroll            |       |     5 |    13 |       ||    18
         Potion            |       |       |     2 |     1 ||     3
 Armour: Leather armour    |     5 |    19 |    94 |       ||   118
  Dodge: Dodged            |     7 |    62 |   292 |     9 ||   370
